 Dungeon Crawl Stone Soup version 0.27-a0-1084-g78b3836a5f (webtiles) character file.

Game seed: 15787607008807430932

70310 robertstho the Eclecticist (level 15, -14/98 HPs)
             Began as a Djinni Fire Elementalist on Apr 26, 2021.
             Was a High Priest of Ashenzari.
             Killed from afar by Piucetak's ghost (57 damage)
             ... with an iron shot
             ... on level 6 of the Lair of Beasts.
             The game lasted 00:53:00 (22107 turns).

robertstho the Eclecticist (DjFE)                  Turns: 22107, Time: 00:53:01

Health: -14/98     AC:  6    Str: 16    XL:     15   Next: 32%
Gold:   1995       EV: 17    Int: 25    God:    Ashenzari [*****.] SH:  0 Dex: 21

rFire    + + +     SeeInvis +   u - +3 whip of the Eye in the Sky {elec, Drain +Blink Int+4, Melee, Range} (curse)
rCold    x . .     Faith    .   (no shield)
rNeg     + . .     Spirit   .   m - +0 steam dragon scales of Ashenzari's Failure {Range, Self} (curse)
rPois    ∞         Reflect  .   (no helmet)
rElec    .         Harm     .   r - scarf "Behold Eternity" {rC+ rF+, Fort, Cun} (curse)
rCorr    .         Rampage  .   e - +0 pair of gloves of Curses and Power {Range, Evo} (curse)
Will     +....     Clarity  +   (boots unavailable)
Stlth    ++++......             A - amulet "Tethered With Me" {Regen+, Evo, Fort} (curse)
HPRegen  1.26/turn              a - ring of the Bound Sorrow {Fire rN+ Str+3 Dex+5, Melee, Evo} (curse)
MPRegen  0.00/turn              o - ring of the Restrained Anxiety {Str+6, Self, Melee} (curse)

@: flying
A: fire resistance 2, cold vulnerability 1, float, innate caster, hp casting,
extra vitality 1
a: Renounce Religion, Evoke Blink, Curse Item, Shatter the Chains


You were on level 6 of the Lair of Beasts.
You worshipped Ashenzari.
Ashenzari was extremely pleased with you.
You visited 3 branches of the dungeon, and saw 20 of its levels.

You collected 2175 gold pieces.
You spent 180 gold pieces at shops.

Inventory:

Hand Weapons
 u - the cursed +3 whip of the Eye in the Sky (weapon) {elec, Drain +Blink Int+4, Melee, Range}
   (You found it on level 4 of the Dungeon)

   Occasionally, upon striking a foe, it can discharge electrical energy and
   cause terrible harm.
   It affects your intelligence (+4).
   It lets you blink.
   It drains your maximum health when unequipped.
   It has a curse which improves the following skills: Melee Combat: Short
   Blades, Long Blades, Axes, Maces & Flails, Polearms, Staves and Unarmed
   Combat.
   Ranged Combat: Slings, Bows, Crossbows and Throwing.
 E - a +4 scimitar of flaming
Missiles
 b - 9 throwing nets
Armour
 e - the cursed +0 pair of gloves of Curses and Power (worn) {Range, Evo}
   (You found it on level 3 of the Lair of Beasts)

   It has a curse which improves the following skills: Ranged Combat: Slings,
   Bows, Crossbows and Throwing.
   Evocations: Evocations.
 m - the cursed +0 steam dragon scales of Ashenzari's Failure (worn) {Range, Self}
   (You found it on level 7 of the Dungeon)

   It has a curse which improves the following skills: Ranged Combat: Slings,
   Bows, Crossbows and Throwing.
   Introspection: Fighting and Spellcasting.
 r - the cursed scarf "Behold Eternity" (worn) {rC+ rF+, Fort, Cun}
   (You found it on level 4 of the Dungeon)

   It has a curse which improves the following skills: Fortitude: Armour and
   Shields.
   Cunning:   Dodging and Stealth.
 z - the +3 leather armour of Parlour Games {rElec Will+ rCorr SInv}
   (You found it on level 13 of the Dungeon)

   It insulates you from electricity.
   It lets you see invisible.
   It protects you from acid and corrosion.
   It increases your willpower.
 F - a +2 robe of resistance
Jewellery
 a - the cursed ring of the Bound Sorrow (left hand) {Fire rN+ Str+3 Dex+5, Melee, Evo}
   (You acquired it on level 9 of the Dungeon)

   [ring of fire]

   It enhances your fire magic.
   It affects your strength (+3).
   It affects your dexterity (+5).
   It protects you from fire.
   It makes you vulnerable to cold.
   It protects you from negative energy.
   It has a curse which improves the following skills: Melee Combat: Short
   Blades, Long Blades, Axes, Maces & Flails, Polearms, Staves and Unarmed
   Combat.
   Evocations: Evocations.
 o - the cursed ring of the Restrained Anxiety (right hand) {Str+6, Self, Melee}
   (You found it on level 12 of the Dungeon)

   [ring of strength]

   It affects your strength (+6).
   It has a curse which improves the following skills: Introspection: Fighting
   and Spellcasting.
   Melee Combat: Short Blades, Long Blades, Axes, Maces & Flails, Polearms,
   Staves and Unarmed Combat.
 v - a ring of willpower
 y - a ring of willpower
 A - the cursed amulet "Tethered With Me" (around neck) {Regen+, Evo, Fort}
   (You found it on level 9 of the Dungeon)

   [amulet of regeneration]

   It increases your rate of health regeneration.
   It has a curse which improves the following skills: Evocations: Evocations.
   Fortitude: Armour and Shields.
 N - a +6 ring of strength
Wands
 n - a wand of acid (11)
 q - a wand of paralysis (14)
 B - a wand of iceblast (22)
 C - a wand of polymorph (9)
 G - a wand of mindburst (9)
 K - a wand of charming (5)
Scrolls
 f - 2 scrolls of silence
 g - 5 scrolls of magic mapping
 s - 3 scrolls of fog
 w - 3 scrolls of enchant weapon
 D - 2 scrolls of enchant armour
 H - 2 scrolls of fear
 I - 2 scrolls of immolation
 L - a scroll of teleportation
 O - a scroll of brand weapon
Potions
 c - 2 potions of brilliance
 d - 5 potions of haste
 h - 6 potions of attraction
 i - 4 potions of lignification
 j - a potion of resistance
 l - 4 potions of curing
 p - a potion of cancellation
 t - 3 potions of berserk rage
 x - 2 potions of might
 J - 2 potions of ambrosia
Miscellaneous
 k - a box of beasts


   Skills:
 + Level 2.7(6.0) Fighting
 + Level 0.1(0.9) Maces & Flails
 + Level 4.9(7.5) Dodging
 + Level 4.3(6.9) Stealth
 * Level 20.0(23.1) Spellcasting
 + Level 2.5(6.6) Evocations


You had 20 spell levels left.
You knew the following spells:

 Your Spells              Type           Power      Damage    Failure   Level
a - Foxfire               Conj/Fire      100%       2x1d9     0%          1
b - Conjure Flame         Conj/Fire      100%       6-21      0%          3
c - Inner Flame           Hex/Fire       100%       N/A       0%          3
d - Sticky Flame          Conj/Fire      100%       2d11      0%          4
e - Fireball              Conj/Fire      60%        3d23      0%          5
f - Corona                Hex            100%       N/A       0%          1
g - Searing Ray           Conj           100%       3d7       0%          2
h - Ensorcelled Hibernat  Hex/Ice        100%       N/A       0%          2
i - Mephitic Cloud        Conj/Pois/Air  97%        N/A       0%          3
j - Lee's Rapid Deconstr  Erth           48%        3d24*     0%          5
k - Agony                 Necr           97%        N/A       0%          5
l - Simulacrum            Ice/Necr       48%        N/A       0%          6
Your spell library was empty.

Dungeon Overview and Level Annotations

Branches:
Dungeon (13/15)            Temple (1/1) D:7            Lair (6/6) D:9
  Swamp (0/4) Lair:2        Snake (0/4) Lair:3        Slime (0/5) Lair:5
    Orc (0/2) D:12
 Vaults: D:13-14

Altars:
Ashenzari
Dithmenos
Elyvilon
Fedhas
Gozag
Hepliaklqana
Kikubaaqudgha
Makhleb
Nemelex Xobeh
Okawaru
Qazlal
Sif Muna
Trog
Uskayaw
Vehumet
Xom
Yredelemnul
The Shining One
Jiyva

Shops:
D:3 !   D:4 *   D:9 =

Annotations:
Lair:5 2 transporters, Ziry's ghost, journeyman DgIE
Lair:6 2 runed translucent doors, Lipideeph's ghost, journeyman HOFi; Piucetak's ghost, journeyman DrEE


Innate Abilities, Weirdness & Mutations

You are immune to poison.
Your flesh is very heat resistant. (rF++)
You are vulnerable to cold. (rC-)
You float through the air rather than walking.
You learn spells naturally, not from books.
Your magical power is your life essence.
You have superior vitality. (+4 HP)


Message History

Piucetak's ghost points at you and mumbles some strange words.
The blast of sand hits you but does no damage.
Your base Spellcasting skill increases to level 20!
Casting: Lee's Rapid Deconstruction (safe; 0% risk of failure)
Confirm with . or Enter, or press ? or * to list all spells.
Aiming: Lee's Rapid Deconstruction (safe; 0% risk of failure)
Press: ? - help, Dir - move target A rock wall.
The wall shatters!
The blast of rock fragments hits Lipideeph's ghost!
Lipideeph's ghost is lightly damaged.
The blast of rock fragments hits Piucetak's ghost but does no damage.
Piucetak's ghost is heavily damaged.
Unknown command.
Casting: Lee's Rapid Deconstruction (safe; 0% risk of failure)
Confirm with . or Enter, or press ? or * to list all spells.
Aiming: Lee's Rapid Deconstruction (safe; 0% risk of failure)
Press: ? - help, Dir - move target A rock wall.
The wall shatters!
The blast of rock fragments hits Lipideeph's ghost!!
Lipideeph's ghost is moderately damaged.
The blast of rock fragments hits Piucetak's ghost but does no damage.
Piucetak's ghost is heavily damaged.
Lipideeph's ghost barely misses you.
Casting: Lee's Rapid Deconstruction (safe; 0% risk of failure)
Confirm with . or Enter, or press ? or * to list all spells.
Aiming: Lee's Rapid Deconstruction (safe; 0% risk of failure)
Press: ? - help, Dir - move target A rock wall.
The wall shatters!
The blast of rock fragments hits Lipideeph's ghost but does no damage.
Lipideeph's ghost is moderately damaged.
The blast of rock fragments hits Piucetak's ghost!
Piucetak's ghost is heavily damaged.
Lipideeph's ghost hits you but does no damage.
Piucetak's ghost points at you and mumbles some strange words.
The iron shot hits you!!!
Ouch! That really hurt!
You die...

......#...###...######.#.#...#
....##....##....+...........###
..........#..............#(..###
...........#................#.##
.....#..........##P.WW..###.####
......##..###...#####....#...###
....P#....##....####.#.###P..###
......#.#.#.......W#...##....###
................@.W..........###
###......#..#..###.#....####.##
##.###########################
#############################
############# #######


You could see Lipideeph's ghost and Piucetak's ghost.

Vanquished Creatures
  The ghost of robertstho the Eclecticist, an adept DjFE of Ashenzari (Lair:6)
  The ghost of cobaltphoenix the Brawler, a journeyman TrFi of Uskayaw (Lair:6)
  The ghost of Buerreg the Basher, a journeyman KoGl of Sif Muna (Lair:6)
  A minotaur (Lair:2)
  The ghost of Acheu the Fighter, a journeyman GrFi of Gozag (Lair:2)
  Harold (D:8)
  4 boulder beetles
  8 hydras
  Erica (D:11)
  4 two-headed ogres
  6 death yaks
  Urug (D:11)
  Nergalle (Lair:3)
  A fire crab (Lair:6)
  6 skeletal warriors (D:13)
  A flayed ghost (D:13)
  2 bog bodies (Lair:2)
  An oklob plant (Lair:5)
  5 manticores
  An ugly thing (D:12)
  17 elephants
  8 black mambas
  13 cane toads
  A torpor snail (Lair:5)
  3 molten gargoyles
  A kobold demonologist (D:12)
  8 komodo dragons
  3 unseen horrors
  2 rime drakes
  A troll (D:11)
  6 polar bears (Lair:6)
  10 blink frogs
  6 dream sheep (Lair:5)
  3 slime creatures (D:12)
  A shadow (D:13)
  35 yaks
  A vampire (D:10)
  9 wyverns
  7 basilisks
  7 steam dragons
  2 vampire mosquitoes (D:12)
  4 nagas (Lair:3)
  An acid dragon (D:9)
  3 wargs (D:9)
  15 water moccasins
  5 hell hounds (Lair:6)
  An ice beast (D:7)
  3 orc warriors
  3 black bears
  2 sky beasts
  3 necrophages (D:10)
  9 wolves
  3 ogres
  4 centaurs
  2 phantoms
  3 kobold brigands
  14 bullfrogs
  A wyvern zombie (D:5)
  6 scorpions
  A water moccasin zombie (D:7)
  A gnoll sergeant (D:7)
  2 water moccasin skeletons
  4 killer bees
  An electric eel (Lair:4)
  3 wights (D:10)
  2 howler monkeys
  6 lava snakes
  8 centaur zombies
  2 gnoll shamans
  8 orc priests
  4 hounds
  A human zombie (D:10)
  Crazy Yiuf (D:3)
  2 bullfrog skeletons
  A centaur skeleton (D:7)
  2 iguanas
  10 orc wizards
  A howler monkey zombie (D:7)
  20 gnolls
  6 adders
  3 shadow imps
  2 white imps
  2 worms
  2 dart slugs
  37 orcs
  6 ball pythons
  3 bats
  10 endoplasms
  2 giant cockroaches
  10 goblins
  9 hobgoblins
  3 jackals (D:4)
  7 quokkas
  2 frilled lizards
  18 kobolds
  8 rats
484 creatures vanquished.

Vanquished Creatures (others)
  A bush (Lair:5)
  838 foxfires
  23 fungi
  29 plants
891 creatures vanquished.

Grand Total: 1375 creatures vanquished

Notes
Turn   | Place    | Note
-------+----------+-------------------------------------------
     0 | D:1      | robertstho the Djinni Fire Elementalist began the quest for
                  | the Orb.
     0 | D:1      | Reached XP level 1. HP: 15/15 MP: 0/0
   360 | D:1      | Reached skill level 3 in Spellcasting
   624 | D:1      | Reached XP level 2. HP: 17/21 MP: 0/0
  1590 | D:2      | Reached XP level 3. HP: 22/25 MP: 0/0
  1590 | D:2      | Learned a level 1 spell: Corona
  1806 | D:2      | Found a faded altar of an unknown god.
  3020 | D:3      | Reached XP level 4. HP: 29/31 MP: 0/0
  3059 | D:3      | Reached skill level 4 in Spellcasting
  3422 | D:3      | Found Fopnioj's Distillery.
  3454 | D:3      | Bought a potion of curing for 33 gold pieces
  3739 | D:3      | Noticed a black bear
  3747 | D:3      | Killed a black bear
  3748 | D:3      | Reached skill level 5 in Spellcasting
  3748 | D:3      | Reached XP level 5. HP: 3/35 MP: 0/0
  3748 | D:3      | Learned a level 2 spell: Searing Ray
  4494 | D:3      | Found a runed translucent door.
  4495 | D:3      | Noticed Crazy Yiuf
  4939 | D:3      | Killed Crazy Yiuf
  4940 | D:3      | Reached XP level 6. HP: 22/41 MP: 0/0
  5271 | D:4      | Noticed a black bear
  5278 | D:4      | Killed a black bear
  5372 | D:4      | Found Atokhlea's Assorted Antiques.
  5493 | D:4      | Reached skill level 6 in Spellcasting
  5493 | D:4      | Reached XP level 7. HP: 31/46 MP: 0/0
  5493 | D:4      | Learned a level 2 spell: Ensorcelled Hibernation
  6042 | D:4      | Identified the +3 whip of Fate {elec, Drain +Blink Int+4}
  6271 | D:4      | Bought a silver ring for 105 gold pieces
  6271 | D:4      | Bought a scroll labelled KAPO XALITA for 21 gold pieces
  6271 | D:4      | Bought a scroll labelled ALURIE XIAME for 21 gold pieces
  6294 | D:5      | Entered Level 5 of the Dungeon
  6391 | D:5      | Reached skill level 7 in Spellcasting
  6457 | D:5      | Reached XP level 8. HP: 24/51 MP: 0/0
  6840 | D:5      | Reached skill level 8 in Spellcasting
  7684 | D:6      | Reached skill level 9 in Spellcasting
  8278 | D:7      | Reached XP level 9. HP: 7/56 MP: 0/0
  8278 | D:7      | Learned a level 3 spell: Mephitic Cloud
  8702 | D:6      | HP: 2/56 [orc warrior/+0 flail (15)]
  9184 | D:7      | Reached skill level 1 in Fighting
  9194 | D:7      | Reached skill level 10 in Spellcasting
 10159 | D:7      | Found a staircase to the Ecumenical Temple.
 10515 | D:8      | Noticed Harold
 10531 | D:8      | Killed Harold
 10532 | D:8      | Reached skill level 11 in Spellcasting
 10532 | D:8      | Reached XP level 10. HP: 49/62 MP: 0/0
 11461 | D:8      | Found an opulent altar of Gozag.
 11958 | Temple   | Entered the Ecumenical Temple
 12061 | Temple   | Became a worshipper of Ashenzari the Shackled
 12240 | D:9      | Noticed a two-headed ogre
 12260 | D:9      | Killed a two-headed ogre
 12261 | D:9      | Reached skill level 12 in Spellcasting
 12351 | D:9      | Found a staircase to the Lair.
 12389 | D:9      | Found Nadwit's Jewellery Boutique.
 12463 | D:9      | Identified a scroll of acquirement
 12479 | D:9      | Acquired the ring of the Shouting King {Fire rN+ Str+3
                  | Dex+5}
 13053 | D:10     | Entered Level 10 of the Dungeon
 13213 | D:10     | Reached XP level 11. HP: 57/67 MP: 0/0
 13213 | D:10     | Learned a level 5 spell: Lee's Rapid Deconstruction
 13293 | D:10     | Reached skill level 13 in Spellcasting
 13300 | D:10     | Noticed a two-headed ogre
 13303 | D:10     | Killed a two-headed ogre
 13774 | D:10     | Reached * piety under Ashenzari
 13880 | D:10     | Found a burning altar of Makhleb.
 13880 | D:10     | Found a hide-covered altar of Uskayaw.
 13912 | D:10     | Found a sparkling altar of Nemelex Xobeh.
 14113 | D:11     | Noticed a four-headed hydra
 14117 | D:11     | Killed a four-headed hydra
 14258 | D:11     | Reached ** piety under Ashenzari
 14303 | D:11     | Noticed a boulder beetle
 14324 | D:11     | Noticed Urug
 14326 | D:11     | Reached skill level 14 in Spellcasting
 14334 | D:11     | Killed Urug
 14334 | D:11     | Noticed a manticore
 14345 | D:11     | Killed a manticore
 14350 | D:11     | Noticed Erica
 14355 | D:11     | Killed Erica
 14421 | D:11     | Killed a boulder beetle
 14833 | D:11     | Noticed a two-headed ogre
 14838 | D:11     | Killed a two-headed ogre
 14839 | D:11     | Reached XP level 12. HP: 53/76 MP: 0/0
 15025 | D:12     | Reached skill level 15 in Spellcasting
 15155 | D:12     | Noticed a boulder beetle
 15166 | D:12     | Noticed a boulder beetle
 15307 | D:12     | Found a staircase to the Orcish Mines.
 15339 | D:12     | Killed a boulder beetle
 15464 | D:12     | Killed a boulder beetle
 15683 | D:12     | Reached *** piety under Ashenzari
 16036 | D:13     | Noticed a boulder beetle
 16047 | D:13     | Killed a boulder beetle
 16048 | D:13     | Reached skill level 16 in Spellcasting
 16125 | D:13     | Noticed a two-headed ogre
 16129 | D:13     | Killed a two-headed ogre
 16239 | D:13     | Reached XP level 13. HP: 74/82 MP: 0/0
 16239 | D:13     | Learned a level 5 spell: Agony
 16262 | D:13     | Identified the +3 leather armour of Parlour Games {rElec
                  | Will+ rCorr SInv}
 16522 | Lair:1   | Entered Level 1 of the Lair of Beasts
 16980 | Lair:1   | Reached skill level 17 in Spellcasting
 17742 | Lair:2   | Found a runed translucent gate.
 17742 | Lair:2   | Found a runed translucent gate.
 17742 | Lair:2   | Found a runed translucent gate.
 17904 | Lair:2   | Found a staircase to the Swamp.
 18143 | Lair:2   | Noticed Acheu's ghost (journeyman GrFi)
 18150 | Lair:2   | Noticed a minotaur
 18151 | Lair:2   | Identified the +1 pair of boots "Nifitt" {Rampage Fly Int-4
                  | Dex+6}
 18450 | Lair:2   | Killed a minotaur
 18506 | Lair:1   | Acquired 936 gold pieces
 18563 | Lair:2   | Killed Acheu's ghost
 18711 | Lair:3   | Reached skill level 1 in Evocations
 18786 | Lair:3   | Noticed Nergalle
 18797 | Lair:3   | Killed Nergalle
 19000 | Lair:3   | Found a staircase to the Snake Pit.
 19024 | Lair:3   | Reached skill level 18 in Spellcasting
 19031 | Lair:3   | Reached XP level 14. HP: 45/92 MP: 0/0
 19621 | Lair:4   | Reached **** piety under Ashenzari
 19844 | Lair:4   | Reached ***** piety under Ashenzari
 20585 | Lair:5   | Found a transporter.
 20589 | Lair:5   | Found a staircase to the Slime Pits.
 20590 | Lair:5   | Found a viscous altar of Jiyva.
 20602 | Lair:5   | Found a transporter.
 20606 | Lair:5   | Noticed Ziry's ghost (journeyman DgIE)
 20993 | Lair:6   | Entered Level 6 of the Lair of Beasts
 21005 | Lair:6   | Reached skill level 19 in Spellcasting
 21270 | Lair:6   | Found a shimmering altar of Xom.
 21373 | Lair:6   | Reached XP level 15. HP: 90/98 MP: 0/0
 21373 | Lair:6   | Learned a level 6 spell: Simulacrum
 21458 | Lair:6   | Found a runed translucent gate.
 21459 | Lair:6   | Found a runed translucent gate.
 21460 | Lair:6   | Found a runed translucent gate.
 21461 | Lair:6   | Noticed robertstho's ghost (adept DjFE)
 21465 | Lair:6   | Noticed Piucetak's ghost (journeyman DrEE)
 21466 | Lair:6   | Noticed cobaltphoenix's ghost (journeyman TrFi)
 21466 | Lair:6   | Noticed Buerreg's ghost (journeyman KoGl)
 21466 | Lair:6   | Noticed Lipideeph's ghost (journeyman HOFi)
 21738 | Lair:6   | Found a large runed translucent door.
 21739 | Lair:6   | Found a large runed translucent door.
 22101 | Lair:6   | Killed cobaltphoenix's ghost
 22103 | Lair:6   | Killed Buerreg's ghost
 22103 | Lair:6   | Killed robertstho's ghost
 22104 | Lair:6   | Reached skill level 20 in Spellcasting
 22107 | Lair:6   | Killed from afar by Piucetak's ghost

Illustrated notes

Levels and vault maps discovered:
D:1:      giann_wishing_wells, layout_basic, skrybe_limestone_x,
          nrook_mini_backslash, st_stairs_11
D:2:      layout_basic, hellmonk_ecumenical_altar_heavens_door
D:3:      layout_basic, serial_shops, shop, minmay_unequal,
          uniq_crazy_yiuf_cottage
D:4:      layout_loops_cross, serial_shops, shop,
          hangedman_abyss_or_decor_stabs, ebering_dispersal_statue_hall
D:5:      layout_basic
D:6:      layout_basic
D:7:      cheibrodos_steamvent, layout_loops_ring, minmay_temple_entry_statues,
          grunt_ministairs_4, kennysheep_small_square
D:8:      layout_layer_cave, nicolae_gozag_seed_capital, uniq_harold
D:9:      layout_loops_ring, erik_lair_orcish_takeover, serial_shops,
          shop_fountains, minmay_quadrilaterals
D:10:     layout_loops_ring, minitemple, lemuel_mausoleum_altar_kikubaaqudgha,
          gammafunk_temple_overflow_wave
D:11:     layout_layer_cave, kennysheep_generic_room_11, uniq_urug, uniq_erica
D:12:     layout_gridville, david_orc_2
D:13:     layout_basic
Temple:   lightli_temple_of_artemis
Lair:1:   layout_cave_pods, st_stairs_5
Lair:2:   layout_hall_layers, skrybe_swamp_entry_bodies,
          maelrawn_ghost_gauntlet_escape
Lair:3:   layout_misc_corridors, minmay_snake_entry_guardpost_small,
          chequers_serial_rivers_small_a, patterned_corridor, uniq_nergalle
Lair:4:   layout_gridlike, serial_bayou_shore_a
Lair:5:   layout_regular_city, slime_altar_1, gammafunk_ghost_berserking_beasts
Lair:6:   cheibrodos_lair_end_hotspot, layout_regular_city, basic_altar,
          gammafunk_ghost_cemetery, cheibrodos_lair_lostbears

Skill      XL: |  1  2  3  4  5  6  7  8  9 10 11 12 13 14 15 |
---------------+----------------------------------------------+-----
Spellcasting   | 3 5 6 7 9 11 12 14 16 18 19 20 | 20.0
Stealth        | 2 3 4 |  4.3
Fighting       | 1 2 |  2.7
Dodging        | 3 4 |  4.9
Evocations     | 2 |  2.5
Maces & Flails | |  0.1

Action                   |  1- 3 |  4- 6 |  7- 9 | 10-12 | 13-15 || total
-------------------------+-------+-------+-------+-------+-------++-------
Melee: Unarmed           |     3 |       |       |       |       ||     3
       Dagger            |     1 |       |       |       |       ||     1
       Hand axe          |       |     2 |       |       |       ||     2
       Whip              |       |       |       |     3 |     7 ||    10
 Cast: Foxfire           |   100 |   115 |   248 |    60 |       ||   523
       Sticky Flame      |       |     1 |    11 |    14 |    24 ||    50
       Fireball          |       |       |     4 |    81 |   189 ||   274
       Ensorcelled Hiber |       |       |       |     2 |     1 ||     3
       Lee's Rapid Decon |       |       |       |   112 |   125 ||   237
       Mephitic Cloud    |       |       |       |     1 |     2 ||     3
       Searing Ray       |       |       |       |       |     2 ||     2
       Conjure Flame     |       |       |       |       |     1 ||     1
Invok: Curse Item        |       |       |       |     4 |     3 ||     7
Evoke: Wand              |       |       |       |       |    25 ||    25
       Box of beasts     |       |       |       |       |     1 ||     1
  Use: Scroll            |       |       |     8 |     6 |     5 ||    19
       Potion            |       |       |     2 |     2 |     1 ||     5
Armor: Robe              |     4 |       |     6 |       |       ||    10
       Steam dragon scal |       |       |     1 |    16 |    14 ||    31
Dodge: Dodged            |     9 |    17 |    35 |    41 |    68 ||   170

Table legend: (Time is in decaauts)
 A = Elapsed time spent in this place.
 B = Non-inter-level travel time spent in this place.
 C = Inter-level travel time spent in this place.
 D = Time resting spent in this place.
 E = Time spent auto-exploring this place.
 F = Levels seen in this place.
 G = Mean time per level.
                   A        B        C        D        E       F      G
               +--------+--------+--------+--------+--------+-----+--------+
         Total |  22128 |  21043 |   1085 |   1720 |  16588 |  20 | 1106.4 |
       Dungeon |  16421 |  15498 |    923 |   1251 |  12379 |  13 | 1263.2 |
        Temple |    114 |    103 |     11 |      0 |    101 |   1 |  114.0 |
          Lair |   5591 |   5441 |    150 |    469 |   4108 |   6 |  931.8 |
               +--------+--------+--------+--------+--------+-----+--------+

Top non-repeatable levels by time:
     D:3: 2267 daAuts
     D:7: 2060 daAuts
     D:1: 1568 daAuts
     D:2: 1309 daAuts
     D:6: 1291 daAuts
  Lair:2: 1229 daAuts
     D:5: 1199 daAuts
     D:8: 1179 daAuts
     D:4: 1145 daAuts
    D:11: 1114 daAuts
  Lair:6: 1065 daAuts
  Lair:1: 1005 daAuts
    D:10: 982 daAuts
     D:9: 944 daAuts
    D:12: 878 daAuts
